Map: Tokamak LE

Players

BabyMarine - Winner!

  • Race: Terran Terran
  • Spawn Location: 7:00

Mixu

  • Race: Zerg Zerg
  • League: Master
  • Spawn Location: 1:00

Event: HomeStory Cup XXVII

VOD

Have the link to the VOD?

Description

Time

  • Played on: June 27, 2025, 1:04 p.m.
  • Length: 19:03

All games in this series

Show
View Real Time Build Order
Export as new Build Order

BabyMarine Terran - Winner!

Build Orders: Liberator Opening, Reaper Expand 

Get SALT Encoding   

  12  0:00  SCV  
  13  0:12  SCV  
  14  0:17  Supply Depot  
  14  0:24  SCV  
  15  0:38  SCV  
  15  0:40  Barracks  
  16  0:43  Refinery  
  16  0:50  SCV  
  17  1:03  SCV  
  18  1:15  SCV  
  19  1:26  Reaper  
  19  1:27  Orbital Command  
  20  1:40  Command Center  
  20  1:49  Supply Depot  
  20  1:52  SCV  
  21  1:58  Marine  
  22  2:05  SCV  
  23  2:13  Factory  
  23  2:17  SCV  
  23  2:20  Barracks Reactor  
  24  2:29  SCV  
  25  2:40  Command Center  
  25  2:41  SCV  
  26  2:55  Orbital Command, SCV  
  27  3:01  Starport  
  27  3:07  Refinery  
  27  3:10  Hellion  
  29  3:15  Hellion  
  29  3:17  SCV  
  29  3:19  Marine  
  33  3:21  SCV  
  34  3:29  SCV  
  34  3:32  Hellion  
  34  3:33  SCV  
  38  3:36  Hellion  
  38  3:39  Liberator  
  43  3:45  SCV x2  
  45  3:56  Hellion  
  45  3:57  SCV  
  45  3:58  Hellion  
  45  4:00  Orbital Command  
  50  4:03  SCV  
  50  4:07  Barracks Tech Lab  
  50  4:09  Supply Depot, SCV  
  52  4:15  SCV  
  52  4:16  Supply Depot  
  53  4:20  Hellion  
  53  4:21  Hellion, SCV  
  58  4:27  SCV  
  58  4:30  Liberator  
  62  4:31  Supply Depot  
  62  4:32  SCV  
  62  4:37  Stimpack  
  63  4:38  SCV  
  63  4:39  SCV  
  65  4:51  Orbital Command, SCV  
  66  4:54  Barracks  
  66  4:55  Factory Reactor  
  66  4:57  Barracks  
  66  4:58  Marine  
  66  4:59  Supply Depot x2  
  67  5:00  SCV  
  67  5:06  Refinery, Engineering Bay  
  67  5:07  Engineering Bay, SCV  
  69  5:12  SCV  
  69  5:13  Starport Reactor  
  70  5:17  Refinery  
  70  5:19  SCV x2  
  72  5:24  Marine, SCV  
  72  5:27  Barracks  
  74  5:29  Barracks  
  74  5:32  SCV x2  
  73  5:36  Supply Depot  
  73  5:38  Factory Tech Lab  
  73  5:39  Terran Infantry Armor Level 1, Terran Infantry Weapons Level 1  
  73  5:40  SCV  
  74  5:43  Marine  
  74  5:45  SCV  
  74  5:46  Marine, SCV  
  74  5:49  Marine  
  79  5:51  Marine  
  79  5:52  SCV  
  79  5:55  Marine  
  80  5:58  SCV x2  
  80  6:00  Marine  
  80  6:01  Medivac x2  
  85  6:05  Siege Tank  
  85  6:07  SCV  
  85  6:10  Marine x2  
  85  6:11  SCV  
  91  6:15  Marine x2  
  91  6:18  Supply Depot, SCV  
  93  6:19  SCV  
  93  6:20  Combat Shield  
  93  6:21  Barracks Reactor  
  95  6:27  Marine, Barracks Reactor  
  95  6:29  SCV  
  95  6:30  SCV  
  95  6:31  SCV  
  96  6:33  Marine x2  
  96  6:34  Refinery x2, Supply Depot  
  96  6:35  Marine x2  
  100  6:40  Siege Tank  
  100  6:46  Marine  
  104  6:48  SCV  
  104  6:51  Marine  
  104  6:53  SCV  
  104  6:54  Supply Depot, Marine x3  
  107  6:57  Marine x2  
  107  6:58  Armory  
  107  6:59  Medivac  
  114  7:04  Marine  
  114  7:07  Marine x2, Medivac  
  119  7:09  Marine  
  119  7:11  SCV x2  
  119  7:12  Marine x3  
  119  7:15  Marine x2  
  125  7:21  Marine  
  125  7:23  Siege Tank  
  125  7:25  Marine x2  
  125  7:27  Marine  
  125  7:29  Marine  
  125  7:31  Marine  
  125  7:32  Marine  
  125  7:33  Marine x2, Medivac  
  125  7:35  SCV  
  125  7:36  SCV  
  124  7:43  Marine x2  
  119  7:45  Marine, Medivac  
  119  7:47  Marine  
  119  7:49  Factory  
  119  7:50  Terran Infantry Weapons Level 2, Marine  
  119  7:51  Marine x2  
  125  7:54  Marine x2  
  125  7:56  Supply Depot, SCV  
  125  7:57  Supply Depot  
  128  8:01  SCV  
  128  8:03  Marine  
  128  8:04  Marine x2  
  128  8:05  Marine  
  125  8:06  Siege Tank  
  125  8:07  SCV  
  125  8:08  Marine x2  
  125  8:09  Marine  
  125  8:12  Marine x2  
  126  8:16  SCV  
  125  8:21  Marine x2  
  125  8:22  Marine  
  125  8:23  Marine  
  129  8:30  Command Center, Marine  
  129  8:34  Marine x4  
  126  8:39  Marine x2  
  126  8:40  Marine  
  126  8:41  Marine, SCV  
  132  8:48  Marine  
  134  8:51  Marine, Siege Tank  
  134  8:52  Marine x2  
  134  8:53  Marine  
  141  8:56  Terran Infantry Armor Level 2  
  141  8:57  Marine  
  142  9:09  Marine  
  143  9:11  Marine x2  
  143  9:13  Marine  
  143  9:16  Marine  
  143  9:17  Marine  
  147  9:19  Marine x2  
  150  9:34  Marine x5  
  150  9:35  Marine  
  150  9:36  Marine  
  150  9:37  Marine x2  
  126  9:46  Siege Tank  
  126  9:47  Medivac x2  
  126  9:52  Marine x5  
  136  9:53  Marine x2  
  136  9:55  Marine x2  
  136  9:57  Orbital Command  
  123  10:04  SCV x2  
  125  10:09  Marine x2  
  125  10:10  Marine x3  
  125  10:11  Marine x2  
  125  10:13  Marine  
  133  10:17  Medivac  
  133  10:18  Siege Tank, Terran Infantry Weapons Level 3  
  133  10:19  Marine  
  139  10:23  SCV  
  139  10:24  SCV  
  139  10:27  Marine x5  
  146  10:29  Marine x2  
  146  10:33  SCV  
  146  10:37  Marine  
  146  10:41  Marine  
  125  10:44  Factory  
  125  10:45  Marine  
  125  10:46  Marine  
  125  10:49  Liberator  
  130  10:50  Marine x2  
  130  10:51  Command Center  
  130  10:55  Marine, Liberator  
  136  10:58  Marine x3  
  139  11:07  Marine x2  
  139  11:10  Siege Tank  
  139  11:11  Drilling Claws  
  144  11:18  Marine x7  
  146  11:25  Marine x2  
  153  11:36  Marine x4  
  153  11:38  Factory Reactor  
  153  11:39  Marine x2  
  159  11:43  Marine x3  
  159  11:45  Widow Mine  
  164  11:52  Terran Infantry Armor Level 3  
  164  11:54  Marine  
  164  11:58  Barracks  
  164  11:59  Barracks  
  165  12:01  Barracks  
  165  12:02  Marine x4  
  169  12:14  SCV x2  
  169  12:15  Marine x3  
  169  12:16  Marauder, Marine  
  169  12:17  Widow Mine x2  
  169  12:18  Widow Mine  
  169  12:20  Marine  
  176  12:27  SCV x2  
  176  12:29  Marine x3  
  179  12:30  Planetary Fortress  
  179  12:35  SCV  
  179  12:36  Liberator  
  178  12:38  Marauder  
  178  12:39  SCV  
  178  12:40  Liberator  
  179  12:50  Widow Mine  
  169  12:52  Orbital Command, Marine x2  
  169  12:55  SCV  
  171  12:59  Marauder  
  171  13:04  Marine  
  172  13:06  Marine x2  
  161  13:24  Supply Depot  
  161  13:25  Supply Depot  
  161  13:26  Supply Depot x3  
  160  13:30  Command Center  
  152  13:46  Marine, Medivac  
  152  13:47  Marine x3, SCV x2, Medivac  
  152  13:48  Marauder  
  164  13:53  Barracks Tech Lab x2  
  161  13:57  Marine x2  
  161  14:01  Barracks Tech Lab  
  159  14:03  Marauder  
  159  14:08  Widow Mine x2  
  159  14:09  Marauder, Factory  
  167  14:13  Marine x3  
  167  14:14  Marauder x2  
  167  14:15  Concussive Shells  
  167  14:16  Medivac  
  176  14:24  Sensor Tower  
  176  14:25  Marauder  
  176  14:28  SCV  
  176  14:29  Marauder, Marine  
  176  14:30  Marauder  
  180  14:32  Marine  
  180  14:36  Marauder x2, Marine  
  180  14:37  Marine  
  174  14:41  Marine  
  174  14:42  Orbital Command, Marine  
  157  14:46  Marauder  
  157  14:51  Marauder  
  157  14:52  Marauder  
  147  14:54  Marine x2  
  147  14:55  Marine x2, Widow Mine x2  
  147  14:57  Marauder x2  
  156  15:00  SCV  
  156  15:04  SCV  
  156  15:07  Marauder  
  156  15:12  Marauder  
  156  15:13  Marauder  
  162  15:15  SCV  
  162  15:16  Widow Mine x2  
  162  15:18  Marauder x2  
  167  15:29  Marauder  
  167  15:30  Marine x2  
  167  15:33  Marauder  
  167  15:34  Marauder  
  145  15:38  Widow Mine x2  
  145  15:40  Marauder, Marine x3  
  145  15:41  Marauder  
  154  15:44  Marine  
  154  15:48  Marine x2  
  153  15:50  Marauder  
  153  15:55  Marauder  
  157  16:00  Marauder, Marine x2  
  157  16:01  Marauder  
  151  16:12  Marauder x2, Marine x2  
  151  16:13  Widow Mine x2  
  151  16:17  Planetary Fortress  
  161  16:19  Marauder  
  161  16:20  Liberator  
  161  16:21  Liberator  
  161  16:22  Marauder  
  168  16:37  Marauder x3, Marine x3  
  177  16:40  Marine  
  177  16:41  Marine x3  
  177  16:46  Refinery  
  181  16:53  Marauder, Widow Mine x2  
  187  16:59  Marauder  
  177  17:01  SCV  
  177  17:07  Marauder x2, Marine  
  177  17:08  Marine, SCV  
  165  17:10  Marine  
  165  17:11  Marine x2  
  165  17:12  Marauder, Marine  
  165  17:13  Medivac  
  165  17:14  Marine  
  170  17:16  SCV x2  
  170  17:20  Refinery x2  
  172  17:24  Marauder  
  172  17:25  Marine, SCV  
  172  17:29  Marauder, SCV  
  162  17:46  Marauder  
  162  17:51  Medivac  
  161  18:00  SCV  
  161  18:01  Orbital Command  
  162  18:09  Marine x2  
  164  18:26  Widow Mine  
  166  18:27  Widow Mine  
  166  18:28  SCV x2  
  166  18:32  SCV  
Show
View Real Time Build Order
Export as new Build Order

Mixu Zerg 

Build Orders: Hatch First 

Get SALT Encoding   

  12  0:00  Drone  
  13  0:09  Drone  
  14  0:15  Drone, Extractor  
  15  0:21  Overlord  
  15  0:40  Drone  
  16  0:46  Hatchery  
  16  0:49  Drone  
  16  0:53  Drone  
  17  0:57  Drone  
  18  1:07  Extractor  
  17  1:12  Spawning Pool  
  17  1:15  Drone  
  17  1:18  Drone  
  18  1:26  Drone  
  19  1:36  Drone  
  20  1:48  Drone  
  21  1:59  Queen x2  
  26  2:01  Zergling x2  
  26  2:04  Drone  
  27  2:09  Drone, Overlord  
  28  2:20  Extractor  
  28  2:21  Drone, Metabolic Boost  
  28  2:28  Drone  
  30  2:31  Drone x2  
  32  2:39  Hatchery  
  32  2:42  Drone  
  32  2:44  Overlord  
  32  2:51  Queen  
  32  2:54  Drone  
  32  2:56  Drone  
  36  3:03  Drone x2  
  38  3:07  Drone x2, Overlord  
  40  3:14  Drone  
  40  3:15  Drone  
  42  3:25  Queen  
  42  3:26  Drone x2  
  46  3:31  Queen  
  48  3:36  Drone x2  
  48  3:39  Drone x2  
  52  3:42  Overlord  
  52  3:50  Overlord  
  52  3:52  Drone  
  52  3:53  Drone  
  53  3:56  Queen  
  53  3:58  Overlord  
  53  3:59  Drone  
  56  4:07  Drone x4  
  60  4:10  Hatchery  
  60  4:11  Drone  
  60  4:12  Drone  
  60  4:13  Drone  
  62  4:18  Zergling x6  
  62  4:23  Lair  
  65  4:25  Drone x3  
  65  4:26  Zergling x2  
  65  4:30  Drone x2  
  71  4:33  Queen  
  71  4:35  Drone x2  
  71  4:37  Drone  
  76  4:42  Overlord  
  76  4:43  Drone x2  
  76  4:44  Spore Crawler  
  77  4:46  Spore Crawler  
  77  4:47  Spore Crawler  
  77  4:51  Zergling x6, Extractor  
  77  4:52  Zergling x2  
  78  4:56  Zergling x4  
  78  5:02  Drone x3  
  78  5:06  Evolution Chamber x2  
  78  5:08  Drone x3  
  80  5:16  Drone x6  
  80  5:19  Overlord  
  80  5:20  Drone x2  
  87  5:27  Baneling Nest, Extractor  
  85  5:28  Drone x4  
  85  5:32  Drone  
  85  5:35  Zerg Ground Armor Level 1  
  90  5:38  Drone x3  
  93  5:44  Overlord  
  93  5:45  Zergling x6  
  96  5:51  Drone x4  
  96  5:55  Zergling x4  
  98  5:58  Drone x4  
  98  5:59  Queen  
  87  6:12  Zergling x8, Hatchery  
  87  6:13  Zerg Melee Weapons Level 1, Centrifugal Hooks  
  89  6:19  Zergling x10  
  94  6:25  Zergling x6  
  94  6:28  Zergling x4  
  99  6:33  Zergling x10  
  99  6:35  Zergling x4  
  99  6:38  Zergling x2  
  107  6:46  Overlord  
  106  6:47  Zergling x12  
  111  6:55  Zergling x2  
  111  6:57  Overlord x2, Infestation Pit  
  111  6:58  Baneling x6  
  111  6:59  Zergling x2, Baneling  
  112  7:05  Overlord  
  112  7:07  Zergling x6  
  115  7:12  Zergling x2  
  116  7:15  Hatchery  
  116  7:18  Zergling x6  
  116  7:20  Zergling x6  
  119  7:26  Zergling x4  
  119  7:27  Baneling x9  
  119  7:29  Drone x7  
  120  7:33  Zergling x10  
  120  7:35  Zergling x4  
  123  7:42  Zergling x4  
  119  7:47  Zergling x12  
  125  7:54  Zergling x4  
  125  7:57  Zergling x10  
  129  8:02  Zergling x14  
  128  8:08  Zergling x10  
  129  8:14  Baneling x5  
  129  8:16  Zergling x8  
  125  8:21  Zergling x8  
  118  8:28  Drone x4  
  118  8:30  Hive  
  121  8:35  Drone x7  
  121  8:40  Zergling x4  
  126  8:43  Zergling x4  
  126  8:48  Zergling x16  
  135  8:51  Zerg Melee Weapons Level 2, Zerg Ground Armor Level 2  
  135  8:53  Zergling x8  
  134  8:57  Zergling x6  
  134  9:01  Zergling x4  
  139  9:02  Baneling  
  139  9:03  Baneling x3, Spore Crawler  
  139  9:04  Spore Crawler  
  139  9:06  Zergling x8  
  139  9:08  Zergling x6  
  144  9:11  Zergling x2  
  144  9:14  Zergling x2  
  139  9:18  Zergling x6, Baneling x5  
  139  9:21  Zergling x4  
  144  9:25  Zergling x6  
  144  9:29  Zergling x8  
  151  9:32  Zergling x4  
  151  9:38  Zergling x18  
  144  9:44  Zergling x2  
  126  9:47  Zergling x8  
  126  9:49  Zergling x2  
  126  9:52  Zergling x4  
  131  9:59  Zergling x12, Ultralisk Cavern  
  136  10:03  Zergling x8  
  136  10:06  Hatchery  
  139  10:11  Zergling x12  
  139  10:13  Queen  
  139  10:14  Adrenal Glands  
  147  10:18  Zergling x2  
  147  10:20  Baneling x2  
  143  10:22  Zergling x10  
  143  10:26  Zergling x2  
  143  10:27  Baneling  
  143  10:28  Baneling  
  147  10:31  Zergling x18  
  150  10:35  Zergling x16  
  129  10:43  Zergling x6  
  129  10:45  Baneling x5  
  129  10:47  Drone x4  
  136  10:50  Extractor, Queen  
  136  10:51  Zergling x2  
  136  10:53  Zergling x2  
  139  10:58  Zergling x8  
  139  11:02  Zergling x20  
  150  11:07  Chitinous Plating  
  150  11:10  Drone x4  
  151  11:11  Extractor  
  151  11:12  Extractor  
  151  11:15  Drone x2  
  151  11:17  Queen x2  
  151  11:18  Zergling x4  
  154  11:23  Overlord  
  154  11:24  Overlord x6  
  154  11:38  Zerg Ground Armor Level 3  
  154  11:40  Hatchery  
  154  11:42  Overlord  
  154  11:45  Zergling x34  
  165  11:52  Ultralisk  
  172  11:55  Zergling x16  
  180  12:05  Ultralisk  
  174  12:18  Zergling x40  
  175  12:34  Ultralisk  
  177  12:39  Hatchery  
  152  12:57  Zergling x44  
  174  13:04  Zergling x12  
  173  13:07  Zergling x6  
  173  13:11  Zergling x8  
  165  13:17  Zergling x10  
  147  13:23  Ultralisk  
  155  13:27  Zergling x6  
  145  13:35  Ultralisk  
  145  13:38  Zergling x6  
  139  13:43  Zergling x6  
  142  13:49  Zergling x6  
  145  13:58  Zerg Melee Weapons Level 3  
  145  14:07  Infestor x2  
  144  14:11  Infestor  
  145  14:21  Infestor  
  147  14:26  Ultralisk  
  141  14:31  Zergling x16  
  141  14:37  Overseer x2  
  143  14:40  Zergling x8  
  145  14:46  Infestor  
  143  14:58  Ultralisk  
  143  14:59  Zergling x10  
  132  15:03  Viper  
  127  15:16  Ultralisk  
  127  15:18  Zergling x12  
  132  15:30  Zergling x12  
  127  15:41  Zergling x12  
  127  15:50  Ultralisk  
  131  15:59  Zergling x12  
  131  16:03  Zergling x6  
  117  16:17  Ultralisk  
  122  16:26  Ultralisk  
  127  16:38  Zergling x14  
  134  16:46  Zergling x8  
  130  17:03  Zergling x16  
  130  17:05  Zergling x2  
  123  17:09  Zergling x4  
  124  17:16  Zergling x6  
  124  17:19  Zergling x2  
  115  17:28  Zergling x6  
  96  17:44  Infestor  
  96  17:49  Ultralisk  
  79  18:03  Overseer  
  79  18:04  Zergling x4  
Tags
 
Add a new tag
Caveats
  • Supply blocks, unpowered buildings, or Contaminate may cause inaccurate times.
  • Supply counts are checked every 10 seconds.